 Dungeon Crawl Stone Soup version 0.30.0 (webtiles) character file.

Game seed: 10328067504387527207

732217 bonscott the Slayer (level 27, -11/210 HPs)
             Began as a Djinni Fire Elementalist on Dec 27, 2023.
             Was the Champion of Makhleb.
             Mangled by an Ice Fiend (44 damage)
             ... in Pandemonium on Dec 30, 2023.
             The game lasted 16:02:31 (72100 turns).

bonscott the Slayer (Djinni Fire Elementalist)     Turns: 72100, Time: 16:02:34

Health: -11/210    AC: 40    Str: 30 (31) XL:     27
Gold:   2779       EV: 15    Int: 16 (20) God:    Makhleb [******] SH: 24 Dex: 17 (18)

rFire   + + .        K - +4 war axe (antimagic)
rCold   . . .        j - +5 tower shield of the Doomed Alphagorgon {Regen+ Str+3 Dex-3 Slay+4}
rNeg    + + .        W - +8 storm dragon scales {Bai Suzhen}
rPois   ∞            m - +2 hat of Feasting {Str+7 Stlth+}
rElec   +            B - +2 cloak of the Eight Boll Weevils {rC+ Will+}
rCorr   +            x - +2 pair of gloves of the Dropbear {rPois rN++ MP-9 Str+8}
SInv    +            (boots unavailable)
Will    +++..        p - amulet of Tout {Rampage Regen+ SInv} Stlth
                     i - ring "Bujaom" {rCorr Dex+6 Slay+3}
HPRegen 2.15/turn    S - ring "Damnable Contraption" {AC+4 Str+4}
MPRegen 0.00/turn

%: rampage, infuse magic (-12 HP)
@: flying, studying 3 skills
A: sickness immunity, fire resistance 2, cold vulnerability 1, float, innate
caster, HP casting, extra vitality 1, clumsy 1, deterioration 1, dopey 2, weak
1, no potion heal 1, MP-powered wands
}: 7/15 runes: decaying, serpentine, slimy, silver, abyssal, magical, dark
a: Renounce Religion, Minor Destruction, Lesser Servant of Makhleb, Major
Destruction, Greater Servant of Makhleb


You were in Pandemonium.
You worshipped Makhleb.
Makhleb was exalted by your worship.
You visited 12 branches of the dungeon, and saw 52 of its levels.
You visited Pandemonium 2 times, and saw 10 of its levels.
You visited the Abyss 2 times.
You visited 2 bazaars.
You also visited: Trove, Ice Cave, Volcano and Desolation.

You collected 8852 gold pieces.
You spent 6073 gold pieces at shops.

Inventory:

Hand Weapons
 a - the +8 sling of Disintegration {antimagic, Int+5 Dex+4}
   (You found it on level 4 of the Depths)

   Int:       It affects your intelligence (+5).
   Dex:       It affects your dexterity (+4).
 b - the +10 war axe of Resourcefulness {flame, Int+3 Dex+7}
   (You took it off a deep elf pyromancer on level 3 of the Elven Halls)

   Int:       It affects your intelligence (+3).
   Dex:       It affects your dexterity (+7).
 c - the +9 hand axe "Ezxekuno" {freeze, Will+ Dex+3}
   (You found it on level 3 of the Elven Halls)

   Dex:       It affects your dexterity (+3).
   Will:      It increases your willpower.
 d - a +5 broad axe of protection
 f - the +3 Elemental Staff {rElec rF+ rC+ AC+3}
   (You found it in the Desolation of Salt)

   It enhances your fire, ice, earth and air magic.
   AC:        It affects your AC (+3).
   rF:        It protects you from fire.
   rC:        It protects you from cold.
   rElec:     It insulates you from electricity.
 H - a +6 eudemon blade of holy wrath
 K - a +4 antimagic war axe (weapon)
Missiles
 Q - 15 silver javelins
Armour
 j - the +5 tower shield of the Doomed Alphagorgon (worn) {Regen+ Str+3 Dex-3 Slay+4}
   (You acquired it on level 8 of the Dungeon)

   Str:       It affects your strength (+3).
   Dex:       It affects your dexterity (-3).
   Slay:      It affects your accuracy & damage with ranged weapons and melee
   (+4).
   Regen:     It increases your rate of health regeneration.
 m - the +2 hat of Feasting (worn) {Str+7 Stlth+}
   (You bought it in a shop on level 2 of the Dungeon)

   Str:       It affects your strength (+7).
   Stlth:     It makes you more stealthy.
 x - the +2 pair of gloves of the Dropbear (worn) {rPois rN++ MP-9 Str+8}
   (You found it in a treasure trove)

   Str:       It affects your strength (+8).
   rPois:     It protects you from poison.
   rN:        It greatly protects you from negative energy.
   MP:        It affects your magic capacity (-9).
 B - the +2 cloak of the Eight Boll Weevils (worn) {rC+ Will+}
   (You bought it in a shop on level 2 of the Snake Pit)

   rC:        It protects you from cold.
   Will:      It increases your willpower.
 W - +8 storm dragon scales (worn) {Bai Suzhen}
Jewellery
 i - the ring "Bujaom" (left hand) {rCorr Dex+6 Slay+3}
   (You found it in an ice cave)

   [ring of dexterity]

   Dex:       It affects your dexterity (+6).
   Slay:      It affects your accuracy & damage with ranged weapons and melee
   (+3).
   rCorr:     It protects you from acid and corrosion.
 p - the amulet of Tout (around neck) {Rampage Regen+ SInv}
   (You found it in an ice cave)

   [amulet of regeneration]

   SInv:      It lets you see invisible.
   Regen:     It increases your rate of health regeneration.
   Rampage:   It bestows one free step when moving towards enemies.
 I - a ring of wizardry
 M - the ring of Pinita {+Blink rPois rC++ Dex-3 Stlth+}
   (You bought it in a shop on level 3 of the Elven Halls)

   [ring of poison resistance]

   Dex:       It affects your dexterity (-3).
   rC:        It greatly protects you from cold.
   rPois:     It protects you from poison.
   +Blink:    It lets you blink.
   Stlth:     It makes you more stealthy.
 S - the ring "Damnable Contraption" (right hand) {AC+4 Str+4}
   (You found it in the Desolation of Salt)

   [ring of protection]

   AC:        It affects your AC (+4).
   Str:       It affects your strength (+4).
 T - the ring of Lycw {+Blink AC+4 Slay+2}
   (You found it on level 1 of the Crypt)

   [ring of protection]

   AC:        It affects your AC (+4).
   Slay:      It affects your accuracy & damage with ranged weapons and melee
   (+2).
   +Blink:    It lets you blink.
Wands
 g - a wand of mindburst (43)
 h - a wand of paralysis (38)
 r - a wand of digging (29)
 s - a wand of light (29)
 G - a wand of iceblast (33)
Scrolls
 n - 5 scrolls of torment
 o - a scroll of enchant weapon
 q - 3 scrolls of vulnerability
 t - 2 scrolls of summoning
 v - 5 scrolls of immolation
 y - 3 scrolls of fog
 D - 9 scrolls of teleportation
 F - 7 scrolls of fear
 N - 2 scrolls of silence
 P - 8 scrolls of blinking
 U - 10 scrolls of poison
 Y - 6 scrolls of magic mapping
Potions
 k - 7 potions of haste
 l - 5 potions of curing
 u - 10 potions of cancellation
 z - 5 potions of lignification
 C - 7 potions of might
 E - 12 potions of brilliance
 L - 3 potions of mutation
 O - 6 potions of invisibility
 V - 4 potions of resistance
 X - 6 potions of ambrosia
Miscellaneous
 e - the horn of Geryon
 w - a condenser vane
 A - a phial of floods
 J - a lightning rod (4/4)
 R - a box of beasts
 Z - a phantom mirror


   Skills:
 - Level 21.4 Fighting
 - Level 12.0 Long Blades
 - Level 18.0 Axes
 - Level 3.2 Staves
 - Level 14.0 Ranged Weapons
 - Level 4.0 Throwing
 - Level 19.4 Armour
 - Level 12.1 Dodging
 - Level 1.5 Stealth
 - Level 15.0 Shields
 + Level 20.7 Spellcasting
 - Level 11.7 Evocations


You knew the following spells:

 Your Spells              Type           Power      Damage    Failure   Level
a - Foxfire               Conj/Fire      100%       2x1d9     0%          1
b - Volatile Blastmotes   Fire/Tloc      100%       2d18      0%          3
c - Death Channel         Necr           35%        N/A       1%          6
d - Dazzling Flash        Conj/Hex       100%       N/A       0%          3
e - Ensorcelled Hibernat  Hex/Ice        100%       N/A       0%          2
f - Inner Flame           Hex/Fire       70%        N/A       0%          3
g - Passage of Golubria   Tloc           70%        N/A       1%          4
h - Summon Hydra          Summ           35%        N/A       3%          7
i - Ignition              Fire           35%        3d11      24%         8
j - Arcjolt               Conj/Air       35%        1d45      1%          5
k - Disjunction           Tloc           35%        N/A       24%         8
l - Slow                  Hex            100%       N/A       0%          1
m - Polar Vortex          Ice            35%        N/A       98%         9
n - Eringya's Noxious Bo  Tmut/Pois      35%        N/A       1%          6
o - Dragon's Call         Summ           35%        N/A       98%         9
q - Blink                 Tloc           100%       N/A       0%          2
s - Scorch                Fire           100%       2d9       0%          2
w - Flame Wave            Conj/Fire      70%        2d16      1%          4
Your spell library was empty.

Dungeon Overview and Level Annotations

Branches:
Dungeon (15/15)            Temple (1/1) D:4            Lair (5/5) D:8
  Swamp (4/4) Lair:2        Snake (4/4) Lair:3        Slime (5/5) Lair:4
    Orc (2/2) D:10            Elf (3/3) Orc:2        Vaults (5/5) D:13
  Crypt (3/3) Vaults:3       Tomb (0/3) Crypt:3      Depths (4/4) D:15
   Hell (visited)             Dis (0/7) Hell            Geh (0/7) Hell
    Coc (0/7) Hell            Tar (0/7) Hell            Zot (0/5) Depths:4
  IceCv (visited)         Volcano (visited)         Desolation (visited)

Altars:
Ashenzari
Cheibriados
Dithmenos
Elyvilon
Fedhas
Gozag
Hepliaklqana
Makhleb
Nemelex Xobeh
Okawaru
Qazlal
Ru
Trog
Uskayaw
Wu Jian
Xom
Yredelemnul
Zin
The Shining One
Jiyva
Lugonu

Shops:
D:2 :[(:   D:11 *!?(   D:13 :![(   Orc:1 **[   Orc:2 ??[=   Elf:3 =
Snake:2 ?[*(*=   Vaults:2 *   Vaults:5 (   Depths:1 *?=[(*

Portals:
Hell: Depths:1 Depths:2 Depths:3 Depths:4
Abyss: Slime:4 Depths:3 Depths:4
Pandemonium: Orc:2 Depths:1 Depths:2
Ziggurat: Depths:4

Annotations:
D:11 2 transporters


Innate Abilities, Weirdness & Mutations

You are immune to sickness and miasma.
You are immune to poison.
Your flesh is very heat resistant. (rF++)
You are vulnerable to cold. (rC-)
You float through the air rather than walking.
You learn spells naturally, not from books.
Your magical power is your life essence.
You have superior vitality. (+4 MHP)
You are clumsy. (Dex -2)
Your body sometimes deteriorates upon taking damage.
You are very dopey. (Int -4)
You are weak. (Str -2)
Potions are less effective at restoring your health.
You expend health (3 HP) to strengthen your wands.


Message History

You kill the sun demon!
Makhleb accepts your kill.
You feel better.
Your +5 broad axe of protection goes still.
You feel a force failing to suppress your magic.
K - a +4 antimagic war axe (weapon)
The Ice Fiend calls on the powers of darkness!
Your body is wracked with pain!
* * * LOW HITPOINT WARNING * * *
Your body deteriorates!
You feel dopey.
You slice the Ice Fiend!!
The Ice Fiend's magic leaks into the air.
The Ice Fiend is moderately wounded.
The Ice Fiend calls on the powers of darkness!
Your body is wracked with pain!
* * * LOW HITPOINT WARNING * * *
Your body deteriorates!
You feel clumsy.
You hit the Ice Fiend but do no damage.
The Ice Fiend is moderately wounded.
Unknown command.
You slash the Ice Fiend!
The Ice Fiend's magic leaks into the air.
The Ice Fiend is heavily wounded.
The Ice Fiend claws you but does no damage.
You block the Ice Fiend's attack.
Unknown command.
You slice the Ice Fiend!!
The Ice Fiend's magic leaks into the air.
The Ice Fiend is severely wounded.
The Ice Fiend gestures at you. The bolt of cold hits you!
* * * LOW HITPOINT WARNING * * *
Unknown command.
You hit the Ice Fiend.
The Ice Fiend's magic leaks into the air.
The Ice Fiend is severely wounded.
The Ice Fiend misses you. The Ice Fiend claws you.
* * * LOW HITPOINT WARNING * * *
The Ice Fiend freezes you!!!
You die...

##### ###.####..#.... ######
#...####..........#### .....#
###.#......##.###.#..... .....#
#...#####[........#.#... .....#
#.##....#...........'... .....#
#.....#.#...###.###.#..) .....#
####..#.#...#........### ...###
#..#.#.#.#.#......# ...#
##.#@#.....####...#
...#############1##.....###...###
...[............23..3.....(......
..###########.#.###.###.###...#.#
..# #.......#.# #.#........##.#
### #.#######'###.#.#....3.332.
#######.######......#.####..###.#
..........(......####.# #..##.21
.####............# #.# ....#...#


You could see an Ice Fiend (magic disrupted), a balrug and a sun demon.

Vanquished Creatures
  the Royal Jelly (Slime:5)
  Gloorx Vloq (Pan)
  Lom Lobon (Pan)
  3 dread liches
  Mara (Swamp:3)
  An ancient lich (Crypt:3)
  Mennas (Depths:3)
  3 pandemonium lords (Pan)
  A juggernaut (Depths:2)
  Sojobo (Crypt:2)
  Parghit (Depths:3)
  Margery (Crypt:2)
  Geryon (Hell)
  5 caustic shrikes
  Xtahua (Vaults:4)
  A curse toe (Crypt:3)
  Jory (Crypt:2)
  5 golden dragons
  The ghost of Endbringerleviathan the Eclecticist, an adept NaFE of Gozag (Elf:3)
  A bone dragon (Abyss:4)
  A Brimstone Fiend (Pan)
  A hellephant (Depths:3)
  4 tentacled monstrosities
  6 liches
  Jorgrun (Swamp:3)
  Zenata (Crypt:2)
  2 walking earthen tomes (Depths:2)
  3 deep elf blademasters
  Murray (Hell)
  7 titans
  25 acid blobs
  2 sphinxes
  19 Executioners (Pan)
  4 deep elf master archers (Elf:3)
  9 ancient champions
  A tentacled starspawn (Abyss:4)
  3 thorn hunters
  Frances (Swamp:2)
  3 storm dragons
  8 tengu reavers
  Donald (Crypt:1)
  16 rockslimes
  6 shadow dragons
  4 nagarajas (Snake:4)
  10 azure jellies
  11 frost giants
  4 demonspawn warmongers (Pan)
  15 fire giants
  3 iron dragons
  10 deep elf sorcerers (Elf:3)
  A juggernaut zombie (Hell)
  13 vault wardens
  5 curse skulls
  5 balrugs
  17 ironbound preservers
  34 very ugly things
  8 deep elf elementalists (Elf:3)
  3 cacodemons
  3 spriggan defenders
  A draconian shifter (Depths:4)
  2 caustic shrike zombies
  A stone giant (shapeshifter) (Elf:2)
  3 demonspawn corrupters (Pan)
  8 reapers
  9 ghouls
  13 vampire knights
  4 demonspawn blood saints (Pan)
  7 ironbound thunderhulks
  4 draconian annihilators
  The ghost of uhhuh the Bludgeoner, a journeyman MiMo of Trog (Lair:4)
  19 stone giants
  8 war gargoyles
  12 quicksilver oozes
  An eleionoma (shapeshifter) (Vaults:5)
  6 demonspawn black suns (Pan)
  12 deep elf demonologists
  3 halazid warlocks (Desolation)
  7 lorocyprocas
  A minotaur (shapeshifter) (Depths:2)
  A wendigo (Hell)
  2 purple draconians (Depths:4)
  5 eleionomae
  A black draconian (Depths:4)
  9 deep elf annihilators
  8 nameless horrors
  A white draconian (Depths:4)
  A dire elephant (Lair:5)
  A green draconian (Depths:4)
  2 spark wasps
  A red draconian (Depths:4)
  5 bunyips
  The ghost of Sadonosm the Carver, a journeyman DgSk (Lair:3)
  11 eidola
  8 green deaths (Pan)
  7 blizzard demons (Pan)
  6 deep elf death magi
  8 ettins
  3 crystal guardians
  An acid blob zombie (Crypt:3)
  2 entropy weavers (Vaults:3)
  14 yaktaur captains
  10 ragged hierophants (Desolation)
  7 fire dragons
  11 jiangshi
  6 deep elf high priests
  Josephine (D:14)
  3 great orbs of eyes
  7 servants of whispers (Desolation)
  21 ice dragons
  10 peacekeepers
  25 hydras
  2 salamander tyrants
  32 vault guards
  6 rakshasas
  A catoblepas (Lair:5)
  A jorogumo (shapeshifter) (Vaults:5)
  2 ogre magi (D:15)
  3 demonspawn (Orc:2)
  A ghost crab (Swamp:2)
  2 spriggan air magi
  2 spriggan skeletons (Pan)
  4 boulder beetles
  6 centaur warriors
  A hell beast (Pan)
  9 ironbound frosthearts
  10 two-headed ogres
  30 dancing weapons
  5 anacondas
  2 alligators (Swamp:2)
  20 hell hogs
  A death knight (Crypt:3)
  11 vampire magi
  4 tengu warriors
  12 death yaks
  8 naga sharpshooters
  14 deep troll shamans
  11 deep troll earth magi
  7 hell knights
  13 naga warriors
  10 orc high priests
  A titan zombie (Hell)
  9 shock serpents
  A quicksilver ooze zombie (Crypt:1)
  27 soul eaters
  23 deep elf knights
  11 spriggan berserkers
  Sonja (D:11)
  28 sun demons
  3 storm dragon zombies
  A wretched star (Abyss:4)
  6 iron trolls
  A titan skeleton (Pan)
  A skyshark (Lair:3)
  47 skeletal warriors
  8 sixfirhies
  8 shadow wraiths
  A golden dragon zombie (Hell)
  A sea snake (shapeshifter) (Vaults:3)
  A deep troll (shapeshifter) (Depths:4)
  Amaemon (Lair:2)
  5 goliath frogs
  3 spriggan druids
  A storm dragon skeleton (Crypt:1)
  5 salamander mystics
  53 deep trolls
  4 shadow demons
  5 flayed ghosts
  16 deep elf archers
  An anaconda zombie (Crypt:1)
  6 naga ritualists
  13 bog bodies
  A spark wasp zombie (Hell)
  2 spriggan simulacra
  9 swamp dragons
  A lindwurm (shapeshifter) (D:15)
  9 glowing orange brains
  6 lindwurms
  3 bunyip skeletons
  4 starcursed masses (Abyss:4)
  11 wizards
  26 ironbound convokers
  4 harpies (Vaults:4)
  6 orc knights
  Pikel (D:5)
  29 deep elf zephyrmancers
  A sphinx zombie (Vaults:3)
  2 anaconda skeletons (Pan)
  19 phantasmal warriors
  6 necromancers
  2 tengu skeletons (Vaults:3)
  4 oklob plants (Lair:4)
  11 mana vipers
  42 deep elf pyromancers
  A tengu zombie (Vaults:3)
  A fire giant zombie (Hell)
  14 salamanders
  A wolf spider (D:15)
  10 shining eyes
  2 manticores
  6 orc sorcerers
  A worldbinder (Abyss:4)
  A salamander (shapeshifter) (Elf:1)
  3 stone giant zombies
  46 ugly things
  2 frost giant zombies (Hell)
  3 human skeletons
  2 will-o-the-wisps
  2 elephants (Lair:5)
  7 cyclopes
  Joseph (D:7)
  A black mamba (shapeshifter) (Elf:1)
  7 guardian serpents
  12 rust devils
  A titan simulacrum (Hell)
  A centaur zombie (Crypt:1)
  An apocalypse crab (Abyss:4)
  2 stone giant skeletons (Vaults:3)
  An eye of devastation (Slime:4)
  4 molten gargoyles
  2 demonic crawlers (Pan)
  129 slime creatures
  22 black mambas
  18 naga magi
  16 vault sentinels
  8 cane toads
  A fire giant skeleton (Vaults:3)
  2 gargoyles
  A shock serpent skeleton (Crypt:3)
  An elf skeleton (Vaults:3)
  4 storm dragon simulacra (IceCv)
  4 unseen horrors
  A dire elephant zombie (Crypt:1)
  26 smoke demons
  An unseen horror (shapeshifter) (Elf:1)
  6 tormentors
  2 dire elephant skeletons (Pan)
  5 freezing wraiths
  A torpor snail (Lair:4)
  8 orange demons
  A purple draconian zombie (Crypt:2)
  5 hellions
  3 guardian mummies (Crypt:3)
  33 yaktaurs
  7 kobold demonologists
  3 efreet
  An alligator snapping turtle skeleton (Crypt:1)
  A yaktaur zombie (Vaults:3)
  6 komodo dragons
  2 ice devils
  A bunyip simulacrum (Hell)
  A green draconian skeleton (Crypt:3)
  7 rime drakes
  A pale draconian skeleton (Crypt:1)
  An ancient zyme (Abyss:4)
  3 golden dragon simulacra (IceCv)
  14 hellwings
  3 tengu conjurers
  A red devil (Pan)
  A wind drake (Abyss:2)
  5 polar bears
  An iron troll skeleton (Crypt:3)
  7 trolls
  A guardian serpent zombie (Crypt:1)
  7 tyrant leeches
  A blink frog (shapeshifter) (Elf:1)
  3 meliai (D:13)
  A tarantella (Vaults:3)
  Grinder (D:5)
  2 spriggan zombies (Hell)
  Prince Ribbit (D:4)
  9 hornets
  A meliai zombie (Crypt:2)
  3 harpy skeletons
  14 blink frogs
  An ice dragon zombie (Hell)
  55 saltlings (Desolation)
  2 ettin zombies
  18 large abominations
  5 ettin skeletons
  A slime creature (shapeshifter) (Vaults:5)
  3 air elementals
  3 flying skulls
  4 vampires
  13 ynoxinuls
  A shadow (D:11)
  3 centaur simulacra
  A culicivora (shapeshifter) (Vaults:5)
  3 fire bats (Volcano)
  A satyr skeleton (Crypt:3)
  7 spriggans
  4 basilisks
  4 black mamba skeletons
  13 wraiths
  5 golden eyes
  7 wyverns
  33 yaks
  6 water elementals
  3 chaos spawn
  4 redbacks (Vaults:3)
  3 fire elementals
  A steam dragon (Volcano)
  13 vampire mosquitoes
  13 neqoxecs
  A yaktaur simulacrum (Vaults:3)
  2 wargs
  A demonspawn zombie (Crypt:1)
  12 swamp worms
  2 harpy simulacra (Hell)
  A hydra simulacrum (Hell)
  32 nagas
  13 water moccasins
  12 swamp drakes
  A deep troll skeleton (Pan)
  A fire bat skeleton (Crypt:2)
  A floating eye (Depths:3)
  9 hell hounds
  An acid dragon (D:13)
  2 naga skeletons (Pan)
  An ogre skeleton (Vaults:3)
  31 orc warriors
  A sky beast (D:7)
  2 ice beasts
  8 ice dragon simulacra (IceCv)
  2 black bears
  2 ettin simulacra (Hell)
  13 ogres
  2 boggarts (Depths:4)
  The ghost of Endbringerleviathan the Firebug, an amateur NaFE (D:3)
  4 centaurs
  13 wolves
  A lemure (D:5)
  A snapping turtle skeleton (Crypt:1)
  6 kobold brigands
  3 small abominations (Abyss:4)
  6 earth elementals
  A gnoll sergeant (D:4)
  12 bullfrogs
  A naga simulacrum (Hell)
  4 necrophages (Crypt:1)
  A water moccasin zombie (Crypt:2)
  4 scorpions
  3 wights (D:9)
  15 killer bees
  5 lindwurm simulacra (IceCv)
  A killer bee (shapeshifter) (Elf:1)
  4 electric eels
  6 howler monkeys
  12 jellies
  2 gnoll boudas
  4 hounds
  A human zombie (Crypt:3)
  30 orc priests
  Crazy Yiuf (D:6)
  3 iguanas
  Jessica (D:2)
  Ijyb (D:5)
  A black bear skeleton (Crypt:1)
  3 sleepcaps (D:5)
  Natasha (thrice) (D:2)
  21 orc wizards
  15 hell rats
  19 gnolls
  A river rat (shapeshifter) (Vaults:5)
  9 adders
  3 river rats (D:6)
  2 shadow imps
  A steam dragon skeleton (Crypt:2)
  4 white imps
  2 ufetubi (D:4)
  2 worms
  A dart slug (D:2)
  71 orcs
  6 endoplasms
  2 giant cockroaches (D:2)
  9 goblins
  11 hobgoblins
  5 jackals (D:2)
  18 kobolds
  3 quokkas
  3 training dummies (Depths:1)
  8 ball pythons
  3 bats
  A dart slug zombie (Crypt:2)
  3 frilled lizards
  A hobgoblin zombie (Crypt:3)
  8 rats
  2 ball lightnings (Pan)
  4 bushes (D:7)
  A fire vortex (Depths:1)
  19 foxfires
  A lurking horror (Slime:4)
2684 creatures vanquished.

Vanquished Creatures (collateral kills)
  Bai Suzhen (Vaults:5)
  A golden dragon (IceCv)
  A tentacled monstrosity (Vaults:5)
  Asterion (Elf:3)
  A sphinx (Vaults:5)
  A storm dragon (Depths:2)
  A shadow dragon (Vaults:5)
  Aizul (Swamp:2)
  2 frost giants
  3 stone giants (Vaults:5)
  A fire dragon (Depths:1)
  A deep elf high priest (Vaults:5)
  An ice dragon (Depths:1)
  A boulder beetle (D:13)
  A nameless horror (Orc:2)
  2 alligators (Swamp:2)
  3 dancing weapons
  An iron troll (Depths:1)
  A goliath frog (shapeshifter) (Vaults:5)
  A goliath frog (Swamp:2)
  A deep troll (Vaults:5)
  A phantasmal warrior (Vaults:5)
  A deep elf zephyrmancer (Elf:2)
  2 ugly things (Swamp:2)
  A will-o-the-wisp (Swamp:2)
  A cane toad (Lair:4)
  A golden dragon simulacrum (IceCv)
  A tyrant leech (Swamp:2)
  2 swamp worms
  An acid dragon (D:13)
  A gnoll sergeant (D:13)
  A howler monkey (D:13)
  2 gnolls (D:13)
  An orc (Vaults:5)
  17 foxfires
60 creatures vanquished.

Vanquished Creatures (others)
  A hell beast (Hell)
  A soul eater (Pan)
  A deep elf knight (Elf:2)
  A deep elf zephyrmancer (Elf:2)
  A molten gargoyle (Hell)
  A smoke demon (Pan)
  A chaos spawn (Pan)
  A swamp worm (shapeshifter) (Vaults:5)
  A shapeshifter zombie (Crypt:1)
  2 ball lightnings (Pan)
  4 bushes (D:7)
  2283 foxfires
  22 fungi
  A lurking horror (Abyss:4)
  62 plants
  4 starspawn tentacles (Abyss:4)
2387 creatures vanquished.

Grand Total: 5131 creatures vanquished

Notes
Turn   | Place    | Note
-------+----------+-------------------------------------------
     0 | D:1      | bonscott the Djinni Fire Elementalist began the quest for
                  | the Orb.
     0 | D:1      | bonscott set off with the following spells memorised:
                  | Foxfire, Scorch, Volatile Blastmotes, Inner Flame, Flame
                  | Wave.
     0 | D:1      | Reached XP level 1. HP: 15/15 MP: 0/0
   113 | D:2      | Noticed Natasha
   174 | D:1      | Reached XP level 2. HP: 20/22 MP: 0/0
   181 | D:1      | Reached skill level 1 in Fighting
   278 | D:2      | Found Rurhiz's Book Emporium.
   849 | D:2      | Noticed Jessica
   920 | D:1      | Reached XP level 3. HP: 22/28 MP: 0/0
   920 | D:1      | Learned a level 1 spell: Slow
   965 | D:2      | Reached skill level 2 in Fighting
   973 | D:2      | Reached XP level 4. HP: 22/33 MP: 0/0
  1022 | D:2      | Killed Natasha
  1122 | D:2      | Found a faded altar of an unknown god.
  1234 | D:2      | Noticed Natasha
  1237 | D:2      | Killed Natasha
  1238 | D:2      | Reached skill level 3 in Fighting
  1238 | D:2      | Reached XP level 5. HP: 38/40 MP: 0/0
  1238 | D:2      | Learned a level 2 spell: Blink
  1285 | D:2      | Noticed Natasha
  1290 | D:2      | Killed Natasha
  1328 | D:2      | Found Puhabik's Book Emporium.
  1332 | D:2      | Killed Jessica
  1341 | D:2      | Found Voazum's Antique Armour Emporium.
  1368 | D:2      | Found Doc Cuwips's Weapon Boutique.
  1434 | D:2      | Reached XP level 6. HP: 43/46 MP: 0/0
  1628 | D:3      | Found a runed translucent door.
  1630 | D:3      | Noticed Endbringerleviathan's ghost (amateur NaFE)
  2117 | D:3      | Reached skill level 4 in Fighting
  2253 | D:4      | Noticed an ogre
  2258 | D:4      | Killed an ogre
  2259 | D:4      | Reached skill level 1 in Armour
  2269 | D:4      | Reached XP level 7. HP: 37/53 MP: 0/0
  2269 | D:4      | Learned a level 2 spell: Ensorcelled Hibernation
  2780 | D:4      | Found a staircase to the Ecumenical Temple.
  2788 | Temple   | Entered the Ecumenical Temple
  2795 | Temple   | Became a worshipper of Makhleb the Destroyer
  2906 | D:4      | Reached skill level 5 in Fighting
  3168 | D:5      | Entered Level 5 of the Dungeon
  3168 | D:5      | Noticed Prince Ribbit
  3178 | D:4      | Reached XP level 8. HP: 39/59 MP: 0/0
  3264 | D:4      | Killed Prince Ribbit
  3265 | D:4      | Reached skill level 5 in Spellcasting
  3424 | D:5      | Noticed Ijyb
  3439 | D:5      | Killed Ijyb
  3534 | D:5      | Found a basalt altar of Yredelemnul.
  3544 | D:5      | Reached * piety under Makhleb
  3593 | D:5      | Found a broken altar of Ashenzari.
  3692 | D:5      | Noticed Grinder
  3706 | D:5      | Killed Grinder
  3707 | D:5      | Reached skill level 6 in Fighting
  3707 | D:5      | Reached skill level 1 in Shields
  3785 | D:5      | Reached XP level 9. HP: 62/66 MP: 0/0
  3785 | D:5      | Learned a level 3 spell: Dazzling Flash
  3906 | D:5      | Noticed Pikel
  4027 | D:5      | Killed Pikel
  4028 | D:5      | Reached skill level 7 in Fighting
  4222 | D:5      | Found a shadowy altar of Dithmenos.
  4492 | D:6      | Noticed a hornet
  4500 | D:6      | Killed a hornet
  4919 | D:6      | Found a runed translucent door.
  4920 | D:6      | Noticed Crazy Yiuf
  4931 | D:6      | Killed Crazy Yiuf
  4931 | D:6      | Reached ** piety under Makhleb
  4933 | D:6      | Identified the +5 hammer of Intuition {venom, +Blink rElec}
  5169 | D:6      | Reached XP level 10. HP: 76/76 MP: 0/0
  5601 | D:7      | Noticed Joseph
  5710 | D:7      | Reached skill level 8 in Fighting
  5710 | D:7      | Reached skill level 5 in Shields
  5942 | D:7      | Killed Joseph
  6105 | D:7      | Identified the +3 leather armour of Incorporation {-Tele
                  | Fly rF+ rN++ Int+5}
  6207 | D:7      | Identified the +6 flail "Eryocw" {heavy, rF- Int+7}
  6326 | D:7      | Reached skill level 9 in Fighting
  7112 | D:2      | Bought a spiked hat for 288 gold pieces
  7112 | D:2      | Identified the +2 hat of Feasting {Str+7 Stlth+} (You
                  | bought it in a shop on level 2 of the Dungeon)
  7362 | D:8      | Noticed a manticore
  7384 | D:8      | Killed a manticore
  7644 | D:8      | Reached skill level 5 in Armour
  7800 | D:8      | Found an ornate altar of the Wu Jian Council.
  7824 | D:8      | Reached XP level 11. HP: 58/85 MP: 0/0
  7824 | D:8      | Learned a level 4 spell: Passage of Golubria
  7824 | D:8      | Reached *** piety under Makhleb
  8020 | D:8      | Found a staircase to the Lair.
  8624 | D:9      | Reached skill level 10 in Fighting
  9654 | D:10     | Entered Level 10 of the Dungeon
  9656 | D:10     | Noticed a two-headed ogre
  9677 | D:10     | Noticed a two-headed ogre
  9768 | D:10     | Noticed a two-headed ogre
  9828 | Lair:1   | Entered Level 1 of the Lair of Beasts
 10314 | Lair:2   | Noticed Amaemon
 10383 | Lair:1   | Reached **** piety under Makhleb
 10384 | Lair:1   | Reached skill level 5 in Evocations
 10831 | Lair:2   | Reached XP level 12. HP: 93/93 MP: 0/0
 10879 | Lair:2   | Killed Amaemon
 11126 | Lair:2   | Found a staircase to the Swamp.
 11594 | Lair:2   | Identified the +0 scale mail "Guosa" {Harm rF- rCorr SInv}
 11751 | Lair:3   | Noticed a skyshark
 11989 | Lair:3   | Found a dark tunnel.
 12017 | Lair:3   | Reached skill level 11 in Fighting
 12082 | Volcano  | Entered a volcano
 12217 | Volcano  | Found a burning altar of Makhleb.
 12217 | Volcano  | Noticed a hell hog
 12234 | Volcano  | Killed a hell hog
 12279 | Volcano  | Noticed a fire crab
 12306 | Volcano  | Identified the +0 pair of gloves of Jeyshusu {rElec}
 12576 | Lair:3   | Reached ***** piety under Makhleb
 12672 | Lair:3   | Found a staircase to the Snake Pit.
 12739 | Lair:3   | Noticed a four-headed hydra
 13005 | Lair:3   | Killed a four-headed hydra
 13058 | Lair:3   | Reached XP level 13. HP: 97/99 MP: 0/0
 13058 | Lair:3   | Learned a level 5 spell: Arcjolt
 13195 | Lair:3   | Found a runed translucent door.
 13198 | Lair:3   | Noticed Sadonosm's ghost (journeyman DgSk)
 13800 | Lair:4   | Reached skill level 12 in Fighting
 13997 | Lair:4   | Found a runed translucent gate.
 13998 | Lair:4   | Found a runed translucent gate.
 14007 | Lair:4   | Found a runed translucent gate.
 14027 | Lair:4   | Found a viscous altar of Jiyva.
 14319 | Lair:4   | Noticed an eight-headed hydra
 14340 | Lair:4   | Killed an eight-headed hydra
 14341 | Lair:4   | Reached skill level 10 in Spellcasting
 14851 | Lair:4   | Noticed uhhuh's ghost (journeyman MiMo)
 15585 | Lair:4   | Found a staircase to the Slime Pits.
 15678 | Lair:5   | Entered Level 5 of the Lair of Beasts
 16056 | Lair:5   | Noticed a six-headed hydra
 16079 | Lair:5   | Killed a six-headed hydra
 16644 | Lair:5   | Reached skill level 13 in Fighting
 16644 | Lair:5   | Reached XP level 14. HP: 98/110 MP: 0/0
 17372 | Lair:5   | Noticed a dire elephant
 17415 | Lair:5   | Killed a dire elephant
 17542 | Lair:5   | Reached skill level 10 in Shields
 17913 | D:10     | Found a glowing golden altar of the Shining One.
 17932 | D:10     | Found a portal to a secret trove of treasure.
 18548 | D:10     | Identified the orb of Zuckumiu {light, *Corrode Str+4 SInv}
 18550 | D:10     | Found a staircase to the Orcish Mines.
 19024 | D:11     | Reached ****** piety under Makhleb
 19081 | D:11     | Found Amin's Distillery.
 19081 | D:11     | Found Etry's Magic Scroll Boutique.
 19089 | D:11     | Bought a scroll of blinking for 120 gold pieces
 19100 | D:11     | Found Xich's Assorted Antiques.
 19111 | D:11     | Bought a scroll of poison for 64 gold pieces
 19121 | D:11     | Bought a potion of attraction for 45 gold pieces
 19128 | D:11     | Bought a bubbling inky potion for 22 gold pieces
 19134 | D:11     | Found Bequjeub's Antique Weapon Shoppe.
 19217 | D:11     | Found a transporter.
 19219 | D:11     | Found a transporter.
 19366 | D:11     | Found a transporter.
 19377 | D:11     | Found a transporter.
 19408 | D:11     | You are sucked into a shaft and drop 1 floor!
 19575 | D:11     | Noticed Sonja
 19631 | D:11     | Killed Sonja
 19898 | Orc:1    | Entered Level 1 of the Orcish Mines
 20069 | Orc:1    | Found Heynib's Assorted Antiques.
 20107 | Orc:1    | Found Ucom's CLEARANCE SALE!.
 20122 | Orc:2    | Entered Level 2 of the Orcish Mines
 20459 | Orc:2    | Found a staircase to the Elven Halls.
 20574 | Orc:1    | Found Ofeggas's Armour Boutique.
 21035 | Orc:2    | Found Ixanwaos's Magic Scroll Emporium.
 21038 | Orc:2    | Found Wugeru's Magic Scroll Shoppe.
 21303 | Orc:2    | Reached XP level 15. HP: 90/116 MP: 0/0
 21303 | Orc:2    | Learned a level 6 spell: Death Channel
 21306 | Orc:2    | Reached skill level 14 in Fighting
 22380 | Orc:2    | Found Dyoseu's Antique Armour Shop.
 22380 | Orc:2    | Found a one-way gate leading to the halls of Pandemonium.
 22380 | Orc:2    | Found Okel's Jewellery Boutique.
 22624 | Orc:1    | Bought a +2 ring mail of cold resistance for 273 gold
                  | pieces
 22659 | Orc:2    | Bought a scroll of identify for 28 gold pieces
 22659 | Orc:2    | Bought a scroll of identify for 28 gold pieces
 22659 | Orc:2    | Bought a scroll of identify for 28 gold pieces
 22659 | Orc:2    | Bought a scroll of identify for 28 gold pieces
 22665 | Orc:2    | Bought a scroll of identify for 30 gold pieces
 22665 | Orc:2    | Bought a scroll of identify for 30 gold pieces
 22867 | D:2      | Bought a runed scarf for 256 gold pieces
 24045 | D:13     | Found Quof's Antique Weapon Shop.
 24323 | D:13     | Found Porgh's Armour Emporium.
 24395 | D:13     | Found Nodghac's Distillery.
 24913 | D:8      | Identified a scroll of acquirement
 24916 | D:8      | Acquired the +5 tower shield of the Doomed Alphagorgon
                  | {Regen+ Str+3 Dex-3 Slay+4}
 25009 | Snake:1  | Entered Level 1 of the Snake Pit
 25849 | Snake:2  | Reached skill level 10 in Armour
 26007 | Snake:2  | Reached XP level 16. HP: 108/124 MP: 0/0
 26510 | Snake:2  | Found Qilenwo's Magic Scroll Emporium.
 26513 | Snake:2  | Found Roweb's General Store.
 26513 | Snake:2  | Found Wifeuzua's Armour Shop.
 26520 | Snake:2  | Bought a scroll of magic mapping for 82 gold pieces
 26528 | Snake:2  | Found Achat's Weapon Emporium.
 26532 | Snake:2  | Found Lepaw's Assorted Antiques.
 26532 | Snake:2  | Found Kuoq's Jewellery Shoppe.
 26763 | Snake:2  | Bought the +2 cloak of the Eight Boll Weevils {rC+ Will+}
                  | for 647 gold pieces
 27132 | Snake:3  | Reached skill level 5 in Dodging
 27136 | Snake:3  | Reached skill level 15 in Fighting
 27779 | Snake:4  | Entered Level 4 of the Snake Pit
 28350 | Snake:4  | Noticed a nagaraja
 28362 | Snake:4  | Killed a nagaraja
 28472 | Snake:4  | Reached XP level 17. HP: 131/131 MP: 0/0
 28472 | Snake:4  | Learned a level 6 spell: Eringya's Noxious Bog
 28693 | Snake:4  | Got a serpentine rune of Zot
 28889 | Snake:4  | Acquired 734 gold pieces
 29186 | Swamp:1  | Entered Level 1 of the Swamp
 29347 | Swamp:1  | Noticed a thorn hunter
 29387 | Swamp:1  | Killed a thorn hunter
 29761 | Snake:2  | Bought an amulet of regeneration for 300 gold pieces
 30076 | Swamp:2  | Noticed Aizul
 30084 | Swamp:2  | Killed Aizul
 30085 | Swamp:2  | Reached skill level 16 in Fighting
 30122 | Swamp:2  | Found a frozen archway.
 30145 | IceCv    | Entered an ice cave
 30435 | IceCv    | Noticed a golden dragon
 30453 | IceCv    | Killed a golden dragon
 30489 | IceCv    | Identified the ring "Bujaom" {rCorr Dex+6 Slay+3}
 30493 | IceCv    | Identified the amulet of Tout {Rampage Regen+ SInv}
 30623 | Swamp:2  | Reached XP level 18. HP: 139/139 MP: 0/0
 30744 | Swamp:2  | Identified the +2 pair of boots of Entitlement {Contam Fly
                  | Regen+ rCorr}
 30886 | Swamp:2  | Noticed Frances
 30900 | Swamp:2  | Killed Frances
 31186 | Swamp:3  | Noticed Mara
 31209 | Swamp:3  | Killed Mara
 31385 | Swamp:3  | Noticed Jorgrun
 31399 | Swamp:3  | Killed Jorgrun
 31493 | Swamp:4  | Entered Level 4 of the Swamp
 31503 | Swamp:4  | Reached skill level 1 in Throwing
 31989 | Swamp:4  | Reached skill level 10 in Dodging
 32063 | Swamp:4  | Got a decaying rune of Zot
 32449 | D:10     | You paid a toll of +3 ice dragon scales to enter a treasure
                  | trove
 32450 | Trove    | Entered a treasure trove
 32452 | Trove    | Found the +5 Storm Queen's Shield {shock, Fly rElec}
 32453 | Trove    | Found the sphere of Battle
 32463 | Trove    | Identified the +0 scale mail of Yleevu {rElec}
 32485 | Trove    | Identified the +2 pair of gloves of the Dropbear {rPois
                  | rN++ MP-9 Str+8}
 32487 | Trove    | Identified the +0 hat of Free Expression {rN+ Str+3 SInv}
 32494 | Trove    | Identified the +1 pair of gloves "Irpho" {Int+3 Stlth+}
 32496 | Trove    | Identified the -1 helmet of Starshine {Rampage}
 32763 | D:13     | Found a gate to the Vaults.
 32890 | D:13     | Found Gufad's Book Emporium.
 33406 | D:14     | Noticed Josephine
 33411 | D:14     | Killed Josephine
 33470 | D:14     | Reached XP level 19. HP: 142/147 MP: 0/0
 33470 | D:14     | Learned a level 7 spell: Summon Hydra
 33501 | D:15     | Entered Level 15 of the Dungeon
 33901 | D:15     | Reached skill level 17 in Fighting
 34087 | D:15     | Found a staircase to the Depths.
 34429 | Elf:1    | Entered Level 1 of the Elven Halls
 34661 | D:11     | Bought an ebony sling for 175 gold pieces
 34661 | D:11     | Identified the +8 sling of Glory {drain, Fly Will+} (You
                  | bought it in a shop on level 11 of the Dungeon)
 35409 | D:11     | Bought a runed broad axe for 189 gold pieces
 35710 | Elf:1    | Reached skill level 1 in Axes
 36217 | Elf:1    | Paralysed by an air elemental for 1 turns
 36276 | Elf:1    | Reached skill level 5 in Axes
 36417 | Elf:1    | Paralysed by an air elemental for 1 turns
 36958 | Elf:2    | Reached XP level 20. HP: 152/155 MP: 0/0
 36966 | Elf:2    | Identified the +4 falchion of Light {freeze, *Noise rElec
                  | rC+}
 36981 | Elf:2    | Found a crumbling gateway.
 36994 | Desolati | Entered the Desolation of Salt
 37397 | Desolati | Identified the +5 mace of Equilibrium {chaos, rC+ Will+
                  | Str+6 Int-3}
 37514 | Desolati | Identified the ring of Zot Ylai {Fly Int+6}
 37536 | Desolati | Identified the +0 chain mail "Foinoton" {rCorr}
 37658 | Desolati | Found the +3 Elemental Staff {rElec rF+ rC+ AC+3}
 37715 | Desolati | Reached skill level 10 in Axes
 37783 | Desolati | Identified the ring "Damnable Contraption" {AC+4 Str+4}
 38016 | Elf:2    | Paralysed by an air elemental for 1 turns
 38020 | Elf:2    | Paralysed by an air elemental for 1 turns
 38023 | Elf:2    | Paralysed by an air elemental for 1 turns
 38027 | Elf:2    | Paralysed by an air elemental for 1 turns
 38256 | Elf:2    | Identified the +7 bardiche of Valour {freeze, *Noise rElec
                  | rPois rF++}
 38284 | Elf:2    | Found a runed translucent gate.
 38284 | Elf:2    | Found a runed translucent gate.
 38284 | Elf:2    | Found a runed translucent gate.
 38305 | Elf:2    | Identified the +3 dagger "Jotus" {antimagic, rPois Int+2
                  | Dex-3}
 38558 | Elf:2    | Reached XP level 21. HP: 160/160 MP: 0/0
 38558 | Elf:2    | Learned a level 8 spell: Ignition
 38801 | Elf:3    | Entered Level 3 of the Elven Halls
 38997 | Elf:3    | Found a large runed translucent door.
 38997 | Elf:3    | Found a large runed translucent door.
 38998 | Elf:3    | Noticed Endbringerleviathan's ghost (adept NaFE)
 39161 | Elf:3    | Found Liosoclext's Jewellery Emporium.
 39287 | Elf:3    | Noticed Asterion
 39296 | Elf:3    | Killed Asterion
 39297 | Elf:3    | Reached skill level 1 in Staves
 39643 | Elf:3    | Noticed a Brimstone Fiend
 39966 | Elf:3    | Noticed a Tzitzimitl
 40121 | Elf:3    | Identified the +10 war axe of Resourcefulness {flame, Int+3
                  | Dex+7}
 40142 | Elf:3    | Identified the +6 quarterstaff of Premature Burial {heavy,
                  | *Noise rElec rF+ Int+5}
 40158 | Elf:3    | Identified the +5 glaive "Faipeiga" {heavy, rF+ Int+3}
 40358 | Elf:3    | Identified the +4 short sword "Dosarri" {freeze, Int+4
                  | Dex+3 SInv}
 40382 | Elf:3    | Identified the +0 pair of boots of the Teacher {Str+3}
 40428 | Elf:3    | Identified the +9 hand axe "Ezxekuno" {freeze, Will+ Dex+3}
 40458 | Elf:3    | Identified the +3 hand axe of Olowopt {pain, rPois Will+++
                  | Dex-4}
 40459 | Elf:3    | Identified the amulet of the Will of the Gods {Faith SInv
                  | Stlth+}
 41196 | Vaults:1 | Entered Level 1 of the Vaults
 41304 | Vaults:1 | Reached skill level 18 in Fighting
 41339 | Vaults:1 | Reached XP level 22. HP: 169/169 MP: 0/0
 42757 | Vaults:2 | Reached skill level 15 in Spellcasting
 43244 | Vaults:2 | Found Ygoarchysch's Assorted Antiques.
 43531 | Vaults:3 | Reached skill level 19 in Fighting
 43608 | Vaults:3 | Identified the +6 scimitar of the Sea {heavy, Fly Str-2
                  | Dex+4}
 43746 | Vaults:3 | Reached XP level 23. HP: 178/178 MP: 0/0
 43746 | Vaults:3 | Learned a level 8 spell: Disjunction
 43799 | Vaults:3 | Identified the -1 helmet of the Bagpipe {Will+}
 44152 | Vaults:3 | Found a staircase to the Crypt.
 44696 | Vaults:3 | Identified the +6 sling of Eternal Harmony {heavy, Int+3}
 44725 | Vaults:3 | You are sucked into a shaft and drop 1 floor!
 44730 | Vaults:4 | Found a flickering gateway to a bazaar.
 44752 | Bazaar   | Entered a bazaar
 44752 | Bazaar   | Found Gerieh's Antique Weapon Boutique.
 44752 | Bazaar   | Found Nuok's Weapon Shop.
 44752 | Bazaar   | Found Heafoni's Antique Armour Shop.
 44776 | Bazaar   | Bought a jewelled dire flail for 198 gold pieces
 44776 | Bazaar   | Identified the +3 dire flail "Hulk" {elec, Dex+2} (You
                  | bought it in a shop in a bazaar)
 44776 | Bazaar   | Bought a scorched sling for 143 gold pieces
 44776 | Bazaar   | Identified the +8 sling of the Building Saviour {freeze,
                  | rF+} (You bought it in a shop in a bazaar)
 44776 | Bazaar   | Bought an encrusted hand axe for 176 gold pieces
 44776 | Bazaar   | Identified the +5 hand axe of Dismemberment {flame, +Blink
                  | Dex-2 SInv} (You bought it in a shop in a bazaar)
 44849 | Vaults:4 | Noticed Xtahua
 44861 | Vaults:4 | Killed Xtahua
 45259 | Vaults:4 | Reached skill level 15 in Axes
 46764 | Orc:2    | Bought a ring of wizardry for 360 gold pieces
 46769 | Orc:2    | Bought a ring of wizardry for 360 gold pieces
 47064 | Vaults:5 | Entered Level 5 of the Vaults
 47066 | Vaults:5 | Reached skill level 20 in Fighting
 47067 | Vaults:5 | Reached XP level 24. HP: 174/187 MP: 0/0
 47073 | Vaults:5 | Noticed a golden dragon
 47081 | Vaults:5 | Noticed a dread lich
 47248 | Vaults:4 | Killed a dread lich
 48288 | Vaults:5 | Noticed a golden dragon
 48288 | Vaults:5 | Noticed Bai Suzhen
 48290 | Vaults:5 | Noticed a golden dragon
 48305 | Vaults:5 | Found the +8 autumn katana {manifold assault}
 48439 | Vaults:5 | Killed a golden dragon
 48447 | Vaults:5 | Killed Bai Suzhen
 48501 | Vaults:5 | Killed a golden dragon
 48508 | Vaults:5 | Noticed a dread lich
 48567 | Vaults:5 | Killed a dread lich
 48663 | Vaults:5 | Identified the +11 rapier "Vaiguepe" {flame, rC- Dex+4}
 48741 | Vaults:5 | Reached skill level 21 in Fighting
 48742 | Vaults:5 | Identified the +6 hand axe of Qazlal's Envy {freeze, rC++}
 48787 | Vaults:5 | Killed a golden dragon
 48792 | Vaults:5 | Identified the +0 ring mail of Temperance {-Cast rElec
                  | Stlth+}
 48794 | Vaults:5 | Got a silver rune of Zot
 48818 | Vaults:5 | Found the +3 pair of gauntlets of War {Slay+5}
 49056 | Vaults:5 | Found Keppeoda's Magic Scroll Shop.
 49217 | Vaults:5 | Found Xiommiu's Weapon Shoppe.
 49264 | Vaults:5 | Reached XP level 25. HP: 138/186 MP: 0/0
 49264 | Vaults:5 | Learned a level 9 spell: Polar Vortex
 49322 | Vaults:5 | Identified the +0 hat "Wolair" {rElec Str+2 Dex+2}
 50111 | D:13     | Bought a potion of brilliance for 52 gold pieces
 50111 | D:13     | Bought a potion of heal wounds for 65 gold pieces
 50111 | D:13     | Bought a potion of heal wounds for 65 gold pieces
 50219 | D:11     | Bought a potion of heal wounds for 125 gold pieces
 50405 | D:3      | Killed Endbringerleviathan's ghost
 50585 | Lair:4   | Killed uhhuh's ghost
 50642 | Lair:3   | Killed Sadonosm's ghost
 50953 | Elf:3    | Killed Endbringerleviathan's ghost
 51306 | Snake:2  | Bought a scroll of enchant weapon for 225 gold pieces
 51306 | Snake:2  | Bought a scroll of blinking for 225 gold pieces
 51321 | Snake:2  | Bought a potion of brilliance for 40 gold pieces
 51321 | Snake:2  | Bought a potion of cancellation for 80 gold pieces
 51595 | Depths:1 | Entered Level 1 of the Depths
 51684 | Depths:1 | Reached skill level 15 in Shields
 51740 | Depths:1 | Found Zuiragif's Armour Shoppe.
 51781 | Depths:1 | Found Afeahum's General Store.
 51785 | Depths:1 | Bought a scroll of blinking for 105 gold pieces
 51801 | Depths:1 | Found Qaxeqehi's Firing Range.
 51844 | Depths:1 | Found Pyryqoih's Jewellery Boutique.
 51901 | Depths:1 | Found Qist's Magic Scroll Boutique.
 52075 | Depths:1 | Found a gateway to Hell.
 52091 | Depths:1 | Found Gahol's Assorted Antiques.
 52099 | Depths:1 | Bought a potion of brilliance for 76 gold pieces
 52519 | Depths:2 | Noticed a caustic shrike
 52526 | Depths:2 | Killed a caustic shrike
 53083 | Depths:2 | Noticed a caustic shrike
 53091 | Depths:2 | Killed a caustic shrike
 53093 | Depths:2 | Reached skill level 15 in Armour
 53200 | Depths:2 | Noticed a juggernaut
 53220 | Depths:2 | Killed a juggernaut
 53527 | Depths:2 | Reached XP level 26. HP: 203/203 MP: 0/0
 53647 | Depths:3 | Found a flickering gateway to a bazaar.
 53678 | Bazaar   | Entered a bazaar
 53678 | Bazaar   | Found Xetwoig's Jewellery Shoppe.
 53678 | Bazaar   | Found Zaudet's Antique Armour Emporium.
 53682 | Bazaar   | Found Taduts's Book Emporium.
 53696 | Bazaar   | Found Keurit's Armour Shoppe.
 53830 | Depths:3 | Noticed Parghit
 54201 | Depths:3 | Paralysed by a floating eye for 3 turns
 54271 | Depths:3 | Killed Parghit
 54436 | Depths:3 | Identified the -1 helmet of the Wilderness {*Corrode rPois
                  | rN+}
 54554 | Depths:3 | Found a one-way gate to the infinite horrors of the Abyss.
 54681 | Depths:3 | Noticed Mennas
 54733 | Depths:3 | Killed Mennas
 55079 | Depths:4 | Entered Level 4 of the Depths
 55165 | Depths:4 | Found a one-way gateway to a ziggurat.
 55354 | Depths:4 | Identified the +8 sling of Disintegration {antimagic, Int+5
                  | Dex+4}
 55659 | Depths:4 | Found a gate to the Realm of Zot.
 55704 | Depths:4 | Paralysed by a floating eye for 4 turns
 55714 | Depths:4 | Paralysed by a floating eye for 4 turns
 55780 | Depths:4 | Reached XP level 27. HP: 209/209 MP: 0/0
 55780 | Depths:4 | Learned a level 9 spell: Dragon's Call
 55784 | Depths:4 | Identified the amulet of the Spinneret {RegenMP *Corrode
                  | rC++ rN+ Will+}
 56050 | Depths:4 | Paralysed by a floating eye for 2 turns
 56103 | Depths:4 | Reached skill level 1 in Ranged Weapons
 56137 | Depths:4 | Paralysed by a floating eye for 3 turns
 56839 | Elf:3    | Bought the ring of Pinita {+Blink rPois rC++ Dex-3 Stlth+}
                  | for 576 gold pieces
 57695 | Hell     | Entered the Vestibule of Hell
 57696 | Hell     | Noticed Geryon
 57696 | Hell     | Noticed Murray
 57711 | Hell     | Found a gateway to the freezing wastes of Cocytus.
 57754 | Hell     | Gained mutation: You are very vulnerable to cold. (rC--) [a
                  | cacodemon]
 57809 | Hell     | Killed Geryon
 57829 | Hell     | Reached skill level 5 in Ranged Weapons
 57930 | Hell     | Killed Murray
 57975 | Hell     | Found a gateway to the ashen valley of Gehenna.
 58059 | Hell     | Found a gateway to the decaying netherworld of Tartarus.
 58207 | Hell     | Found a gateway to the Iron City of Dis.
 58678 | Slime:1  | Entered Level 1 of the Pits of Slime
 58802 | Slime:1  | Gained mutation: You are frail. (-10% HP) [a shining eye]
 58806 | Slime:1  | Gained mutation: Armour fits poorly on your strangely
                  | shaped body. [a shining eye]
 58807 | Slime:1  | Gained mutation: Your movements are slightly less
                  | encumbered by armour. (ER -2) [a shining eye]
 58810 | Slime:1  | Gained mutation: You are very frail. (-20% HP) [a shining
                  | eye]
 58868 | Slime:1  | Found a viscous altar of Jiyva.
 59244 | Slime:3  | Gained mutation: You are occasionally teleported next to
                  | monsters. [a shining eye]
 59485 | Slime:3  | Reached skill level 10 in Ranged Weapons
 59638 | Slime:3  | Gained mutation: You are agile. (Dex +4, Str/Int -1) [a
                  | shining eye]
 59772 | Slime:2  | Gained mutation: Your spells are a little easier to cast,
                  | but a little less powerful. [a shining eye]
 59936 | Slime:4  | Found a corrupted altar of Lugonu.
 60121 | Slime:5  | Entered Level 5 of the Pits of Slime
 60178 | Slime:5  | Gained mutation: You are extremely frail. (-30% HP) [a
                  | shining eye]
 60660 | Slime:5  | Lost mutation: Your spells are a little easier to cast, but
                  | a little less powerful. [potion of mutation]
 60660 | Slime:5  | Lost mutation: You are extremely frail. (-30% HP) [potion
                  | of mutation]
 60660 | Slime:5  | Gained mutation: You are partially covered in large bone
                  | plates. (SH +4) [potion of mutation]
 60660 | Slime:5  | Gained mutation: Your movements are less encumbered by
                  | armour. (ER -4) [potion of mutation]
 60734 | Slime:5  | Noticed the Royal Jelly
 60810 | Slime:5  | Killed the Royal Jelly
 60971 | Slime:5  | Gained mutation: You occasionally shout uncontrollably at
                  | your foes. [a shining eye]
 61142 | Slime:5  | Got a slimy rune of Zot
 61178 | Slime:5  | Identified the +3 short sword "Vytem" {flame, Str+3}
 61180 | Slime:5  | Identified the staff of cold "Loirewiq" {Fly rC+ Will+}
 61200 | Slime:5  | Identified the +13 plate armour "Lionib" {rElec Str+3 Dex-5
                  | Stlth+}
 61214 | Slime:5  | Identified the +3 hand axe of the Present {freeze, Str+9
                  | Stlth-}
 61371 | D:8      | Lost mutation: You are occasionally teleported next to
                  | monsters. [potion of mutation]
 61371 | D:8      | Lost mutation: Your movements are less encumbered by
                  | armour. (ER -4) [potion of mutation]
 61371 | D:8      | Gained mutation: You occasionally lose the ability to drink
                  | potions when taking damage. [potion of mutation]
 61372 | D:8      | Lost mutation: Your movements are slightly less encumbered
                  | by armour. (ER -2) [potion of mutation]
 61372 | D:8      | Lost mutation: You are partially covered in large bone
                  | plates. (SH +4) [potion of mutation]
 61372 | D:8      | Lost mutation: You are agile. (Dex +4, Str/Int -1) [potion
                  | of mutation]
 61372 | D:8      | Gained mutation: You are resistant to electric shocks.
                  | (rElec) [potion of mutation]
 61373 | D:8      | Lost mutation: You are resistant to electric shocks.
                  | (rElec) [potion of mutation]
 61373 | D:8      | Lost mutation: You are very vulnerable to cold. (rC--)
                  | [potion of mutation]
 61373 | D:8      | Lost mutation: You occasionally lose the ability to drink
                  | potions when taking damage. [potion of mutation]
 61373 | D:8      | Gained mutation: You sometimes lose your temper in combat.
                  | [potion of mutation]
 61373 | D:8      | Gained mutation: You occasionally lose the ability to read
                  | scrolls when taking damage. [potion of mutation]
 61373 | D:8      | Gained mutation: You have a pair of small horns on your
                  | head. [potion of mutation]
 61374 | D:8      | Lost mutation: You have a pair of small horns on your head.
                  | [potion of mutation]
 61374 | D:8      | Lost mutation: You occasionally shout uncontrollably at
                  | your foes. [potion of mutation]
 61374 | D:8      | Lost mutation: You are very frail. (-20% HP) [potion of
                  | mutation]
 61374 | D:8      | Gained mutation: You are very frail. (-20% HP) [potion of
                  | mutation]
 61374 | D:8      | Lost mutation: You are very frail. (-20% HP) [potion of
                  | mutation]
 61374 | D:8      | Gained mutation: You are agile. (Dex +4, Str/Int -1)
                  | [potion of mutation]
 61374 | D:8      | Gained mutation: You are covered in fur. (AC +1) [potion of
                  | mutation]
 61591 | Depths:3 | Voluntarily entered the Abyss.
 61605 | Depths:3 | Escaped the Abyss
 61607 | Depths:3 | Voluntarily entered the Abyss.
 61737 | Abyss:4  | Found a corrupted altar of Lugonu.
 61765 | Abyss:4  | Gained mutation: You are occasionally teleported next to
                  | monsters. [a neqoxec]
 61773 | Abyss:4  | Gained mutation: You have an uncontrollable temper. [a
                  | neqoxec]
 61816 | Abyss:4  | Gained mutation: Your muscles are strong. (Str +4, Int/Dex
                  | -1) [a neqoxec]
 61838 | Abyss:4  | Got an abyssal rune of Zot
 61861 | Abyss:4  | Found a corrupted altar of Lugonu.
 61905 | Abyss:4  | Found a corrupted altar of Lugonu.
 61926 | Abyss:4  | Lost intelligence.
 62053 | Depths:3 | Escaped the Abyss
 62380 | Orc:1    | Bought a potion of mutation for 232 gold pieces
 62380 | Orc:1    | Bought a scroll of enchant armour for 217 gold pieces
 62436 | D:11     | Bought a potion of mutation for 120 gold pieces
 62562 | Pan      | Entered Pandemonium
 63098 | Pan      | Noticed Onunow the pandemonium lord
 63142 | Orc:2    | Escaped Pandemonium
 63176 | Orc:2    | Lost mutation: You are covered in fur. (AC +1) [potion of
                  | mutation]
 63176 | Orc:2    | Lost mutation: Your muscles are strong. (Str +4, Int/Dex
                  | -1) [potion of mutation]
 63176 | Orc:2    | Lost mutation: You have an uncontrollable temper. [potion
                  | of mutation]
 63176 | Orc:2    | Gained mutation: You are dopey. (Int -2) [potion of
                  | mutation]
 63176 | Orc:2    | Lost mutation: You are frail. (-10% HP) [potion of
                  | mutation]
 63177 | Orc:2    | Lost mutation: You are agile. (Dex +4, Str/Int -1) [potion
                  | of mutation]
 63177 | Orc:2    | Lost mutation: You are occasionally teleported next to
                  | monsters. [potion of mutation]
 63178 | Orc:2    | Lost mutation: You sometimes lose your temper in combat.
                  | [potion of mutation]
 63178 | Orc:2    | Lost mutation: Armour fits poorly on your strangely shaped
                  | body. [potion of mutation]
 63178 | Orc:2    | Lost mutation: You occasionally lose the ability to read
                  | scrolls when taking damage. [potion of mutation]
 63178 | Orc:2    | Gained mutation: You are weak. (Str -2) [potion of
                  | mutation]
 63178 | Orc:2    | Gained mutation: You expend health (3 HP) to strengthen
                  | your wands. [potion of mutation]
 63485 | Crypt:1  | Entered Level 1 of the Crypt
 63610 | Crypt:1  | Identified the ring of Lycw {+Blink AC+4 Slay+2}
 64196 | Crypt:1  | Noticed Donald
 64203 | Crypt:1  | Killed Donald
 64230 | Crypt:1  | Reached skill level 1 in Long Blades
 65092 | Crypt:2  | Reached skill level 5 in Long Blades
 65126 | Crypt:2  | Identified the +3 sling of Puawk {flame, rPois Will- Int+3}
 65185 | Crypt:2  | Noticed Jory
 65209 | Crypt:2  | Killed Jory
 65239 | Crypt:2  | Noticed Margery
 65339 | Crypt:2  | Killed Margery
 65405 | Crypt:2  | Noticed Sojobo
 65416 | Crypt:2  | Paralysed by an air elemental for 1 turns
 65442 | Crypt:2  | Killed Sojobo
 65703 | Crypt:2  | Noticed Zenata
 65725 | Crypt:2  | Killed Zenata
 65797 | Crypt:2  | Identified the +6 quarterstaff of Kose Turch {protect, rF+}
 65897 | Crypt:3  | Entered Level 3 of the Crypt
 66380 | Crypt:3  | Reached skill level 10 in Long Blades
 66623 | Crypt:3  | Found a staircase to the Tomb.
 66740 | Crypt:3  | Found a basalt altar of Yredelemnul.
 67025 | Crypt:3  | Noticed a dread lich
 67026 | Crypt:3  | Noticed an ancient lich
 67033 | Crypt:3  | Identified the staff of earth "Itasm" {Int+2}
 67046 | Crypt:3  | Killed an ancient lich
 67057 | Crypt:3  | Killed a dread lich
 67065 | Crypt:3  | Identified the staff of cold "Coptauck" {Fly rF++ rC+ rN+
                  | Dex-2}
 67069 | Crypt:3  | Identified the staff of air "Jasyl" {Fly rElec rPois}
 67070 | Crypt:3  | Identified the +3 quarterstaff of Taxation {venom, rF-
                  | Int+2 Dex+2}
 67071 | Crypt:3  | Identified the staff of fire "Abbaris" {rPois rF+ Int-5
                  | Dex+4}
 67076 | Crypt:3  | Identified the +3 robe "Earthly Heaven" {rElec rCorr Int+3}
 67968 | Pan      | Entered Pandemonium
 68229 | Pan      | Gained mutation: You are clumsy. (Dex -2) [a neqoxec]
 68255 | Pan      | Entered the realm of Gloorx Vloq.
 68954 | Pan      | Noticed Gloorx Vloq
 68971 | Pan      | Got a dark rune of Zot
 69010 | Pan      | Killed Gloorx Vloq
 69234 | Pan      | Reached skill level 10 in Evocations
 69902 | Pan      | Noticed Ywkykkia the pandemonium lord
 70082 | Pan      | Paralysed by a floating eye for 3 turns
 70099 | Pan      | Paralysed by a floating eye for 2 turns
 70103 | Pan      | Paralysed by a floating eye for 2 turns
 70109 | Pan      | Paralysed by a floating eye for 4 turns
 70124 | Pan      | Gained mutation: Your body sometimes deteriorates upon
                  | taking damage. [a neqoxec]
 70128 | Pan      | Gained mutation: You are very dopey. (Int -4) [a neqoxec]
 70209 | Pan      | Paralysed by a floating eye for 3 turns
 70213 | Pan      | Gained mutation: Potions are less effective at restoring
                  | your health. [a shining eye]
 70224 | Pan      | Paralysed by a floating eye for 4 turns
 70231 | Pan      | Killed Ywkykkia the pandemonium lord
 70416 | Pan      | Entered the realm of Lom Lobon.
 70928 | Pan      | Noticed Lom Lobon
 70977 | Pan      | Killed Lom Lobon
 71021 | Pan      | Got a magical rune of Zot
 71516 | Pan      | Noticed Ylom the pandemonium lord
 71552 | Pan      | Killed Ylom the pandemonium lord
 71944 | Pan      | Noticed Pairu the pandemonium lord
 72015 | Pan      | Killed Pairu the pandemonium lord
 72100 | Pan      | Mangled by an Ice Fiend

Illustrated notes

Levels and vault maps discovered:
D:1:      co_arrival_square_in_a_square_in_a_square, layout_loops_ring,
          grunt_decor_cap, roderic_serpentine_path
D:2:      layout_rooms, serial_shops, shop, nicolae_shop_back_alley_shop, shop,
          nicolae_shop_window_shopping, serial_glass, glass_columns_b,
          glass_columns_a, feat_on_display, ebering_ecumenical_altar_hall,
          uniq_jessica, uniq_natasha
D:3:      layout_basic, ebering_ghost_sewer_d
D:4:      layout_cave_pools, minmay_temple_entry_glass, minmay_quantized
D:5:      layout_cave_pools, grunt_dithmenos_shadows,
          mainiacjoe_overflow_concentric_impassable, nicolae_ashenzari_skybound,
          uniq_ijyb, uniq_prince_ribbit1, uniq_pikel, uniq_grinder
D:6:      layout_basic, portal_sewer_entry_b, amethyst_killhole,
          grunt_ministairs_9, uniq_crazy_yiuf_cottage
D:7:      statuecave_lemuel, layout_loops_ring, chequers_decorated_corner,
          minmay_hedge_maze, minivault_14, uniq_joseph
D:8:      layout_basic, vehumet_altar_wand_db, nzn_wu_jian_contemplation,
          lair_entry_dummy
D:9:      layout_cave_pools, nicolae_sif_muna_little_library
D:10:     layout_rooms, tso_metal_star, david_orc_3,
          nicolae_trove_entry_free_sample
D:11:     layout_stronghold, serial_shops, shop, nicolae_shop_hallway_plus,
          nicolae_shop_dealshenge, nicolae_diamond_shop,
          nicolae_transporter_circle, uniq_sonja
D:12:     layout_stronghold
D:13:     layout_small_grid, erik_vaults_1, serial_shops,
          nicolae_shop_mannequins, shop, nicolae_stop_n_shop_2,
          nicolae_shop_just_a_little_nook
D:14:     layout_roguey, uniq_josephine
D:15:     hangedman_depths_entry_try_elsewhere_first, layout_rooms, special_room
          [special_room_mythical_zoo], kiku_gazebo_pond_becter,
          grunt_decor_arrowhead
Temple:   nicolae_temple_no_exploring_needed
Lair:1:   layout_concentric_octagons, serial_bayou_shore_b
Lair:2:   layout_loops_ring, swamp_mist, uniq_amaemon
Lair:3:   layout_big_grid, guppyfry_snake_entry_island,
          nicolae_volcano_entry_lava_flow, ebering_ghost_inner_flame
Lair:4:   layout_small_grid, minmay_slime_entry_oklob_open,
          gammafunk_ghost_split, lemuel_fruit_fields
Lair:5:   grunt_lair_end_beastmaster, layout_cave_pods, pond
Swamp:1:  layout_basic_swamp, evilmike_swamp_ruin_house_2, swamp_pool1,
          infiniplex_staircase_pool
Swamp:2:  layout_basic_swamp, portal_ice_cave_entry_ugly_swarm,
          evilmike_swamp_ruin_house_1, infiniplex_staircase_pool_2, uniq_aizul,
          uniq_frances
Swamp:3:  layout_basic_swamp, hangedman_swamp_ruin_wall, uniq_mara, uniq_jorgrun
Swamp:4:  swamp_basic_johnstein, layout_basic_swamp
Snake:1:  layout_rooms, serial_bayou_shore_b, nicolae_triple_integral,
          grunt_megastairs_2
Snake:2:  layout_layer_cave, nrook_loot_triangle,
          nicolae_snake_serpentine_bazaar
Snake:3:  layout_gridlike
Snake:4:  snake_pit, layout_cave_town
Slime:1:  layout_caves, basic_altar, cheibrodos_slime_lost_civilization_6
Slime:2:  layout_caves, cheibrodos_slime_lost_civilization_5
Slime:3:  nicolae_slime_jelly_donut, layout_caves,
          nicolae_slime_rock_hall_of_fame
Slime:4:  layout_caves, amcnicky_altar_lugonu_corruption
Slime:5
Orc:1:    layout_diamond_mine, serial_shops, shop,
          nicolae_shop_pleasant_corner_grove, nicolae_shop_clearance
Orc:2:    pf_orc_diabolical, layout_diamond_mine
Elf:1:    eino_elf_arrival_the_gate, layout_onion_city, evilmike_minifort
Elf:2:    nicolae_elf_blades_splatter_lattice [mumra_blade_entry_bloodbath],
          layout_geoelf_grid, portal_desolation_entry_ruin, basic_altar,
          billiards_dpeg
Elf:3:    minmay_elf_hall_hex, layout_geoelf_castle, serial_shops,
          nicolae_shop_back_alley_shop, ebering_ghost_disaster_area,
          uniq_asterion
Vaults:1: nicolae_vaults_variable_pillar_hall_cross,
          nicolae_vaults_storage_room_glass, nicolae_vaults_diagonal_hallway_8,
          v_misc_28, nicolae_vaults_fighting_squares, vaults_room_boxed,
          nicolae_vaults_trapezoid_1, hangedman_vaults_trim,
          nicolae_vaults_diamond_1, hangedman_vaults_cutoff,
          layout_vaults_omnicross
Vaults:2: kb_rosetta, vaults_standard_mumra_x, nicolae_vaults_storage_closets_3,
          ontoclasm_vaults_fault, vaults_mumra_hexcomb,
          nicolae_vaults_tetromino_Z_1, layout_vaults_chaotic_city,
          serial_shops, nicolae_shop_stone
Vaults:3: minmay_crypt_entry_skeletal_spiral, nicolae_vaults_quadrants,
          hangedman_vaults_corner, hangedman_vaults_maws,
          hangedman_vaults_pinch, v_misc_24, nicolae_vaults_cornered_office,
          nicolae_vaults_tetromino_T_1, nicolae_vaults_circle_grid_b,
          nicolae_vaults_stepped_doors, hangedman_vaults_trim,
          layout_vaults_omnigrid
Vaults:4: nicolae_vaults_doubleplus_tesselated,
          nicolae_vaults_door_testing_chamber, nicolae_vaults_little_squares_6,
          nicolae_vaults_layer_cake_slice, nicolae_vaults_swerve,
          vaults_mumra_hex, v_misc_3, nicolae_vaults_tetromino_T_1,
          ontoclasm_vaults_hangar, nicolae_vaults_security_offices_2,
          v_alt_pattern_1, nicolae_vaults_heist, ontoclasm_vaults_gateway,
          nicolae_vaults_network_square, ontoclasm_vaults_tryst,
          layout_vaults_ring, serial_shops, bzr_entry_islet, uniq_xtahua
Vaults:5: serial_shops, uniq_bai_suzhen
Crypt:1:  layout_regular_city, uniq_donald
Crypt:2:  layout_misc_corridors, grunt_megastairs_3, uniq_jory, uniq_zenata,
          uniq_josephina, uniq_sojobo, uniq_margery
Crypt:3:  david_glass_crypt, layout_chaotic_city, st_stairs_13,
          lemuel_mausoleum_altar_yredelemnul, grunt_megastairs_1
Depths:1: layout_cave_pools, grunt_hell_entry_dis_mu, serial_shops,
          nicolae_shop_back_alley_shop,
          nicolae_shop_competitors_out_of_business, shop,
          nicolae_shop_tiny_glass, shop, serial_sigils_hangedman_quiver,
          rand_demon_pan_entry_4, nicolae_shop_firing_range
Depths:2: minmay_the_grid_3x3 [minmay_the_grid_broken_lines,
          minmay_the_grid_rooms, minmay_the_grid_minigrid_medium,
          minmay_the_grid_tiny_cups, minmay_the_grid_fan,
          minmay_the_grid_minigrid_small, minmay_the_grid_plusring,
          minmay_the_grid_garden, minmay_the_grid_prize_four_corners],
          layout_basic, chequers_serial_rivers_room_b, rand_demon_pan_entry_8,
          hell_entry, serial_bayou_shore_b
Depths:3: minmay_slanted_spiral_squares, layout_long_grid, abyss_entry,
          serial_shops, bzr_entry_water, minmay_misc_feat_plants,
          grunt_hell_horde, chequers_serial_rivers_small_b,
          serial_sigils_hangedman_gnaw, serial_bayou_crossing, uniq_mennas,
          uniq_parghit
Depths:4: grunt_zot_entry_alcove, layout_gridlike, enter_ziggurat_d,
          hangedman_abyss_entry_splay, serial_co_window_serial,
          co_window_paths_b, co_window_of_opportunity_a, co_window_paths_b,
          co_window_of_opportunity_a, co_window_of_opportunity_a,
          co_window_paths_a, co_window_corner_a, co_window_paths_a,
          co_window_corner_a, co_window_2corner, co_window_broadway_a,
          co_window_of_opportunity_b, co_window_of_opportunity_c,
          glass_columns_b, glass_columns_b, chequers_serial_rivers_small_a,
          hell_entry, hangedman_summoners_spam, serial_bayou_shore_b
Hell
Pan:      rand_demon_5, layout_basic, grunt_pan_pentagram, layout_stronghold,
          evilmike_mini_pan_branches, layout_small_grid, pan_blood_fountain,
          gammafunk_the_bubble [the_bubble_gammafunk_grid], layout_grid_shapes,
          pan_blood_fountain, pan_blood_fountain_2, nicolae_pan_giant_door,
          layout_basic, pan_blood_fountain_small, reaverb_pan_chaos_star,
          nicolae_pan_gloorx_vloqian_1, gloorx_vloq_st, layout_long_grid,
          rand_demon_3, layout_basic, lom_lobon_spiral_st, layout_basic,
          grunt_pan_zigzag, layout_long_grid, pan_blood_fountain_2,
          evilmike_mini_pan_layers, layout_basic

Skill      XL: |  1  2  3  4  5  6  7  8  9 10 11 12 13 14 15 16 17 18 19 20 21 22 23 24 25 26 27 |
---------------+----------------------------------------------------------------------------------+-----
Fighting       | 1 2 3 4 5 6 7 9 10 11 13 14 15 16 17 18 19 20 21 | 21.4
Spellcasting   | 3 4 5 6 7 8 9 10 11 12 13 14 15 16 17 19 20 | 20.7
Armour         | 1 2 4 5 6 8 10 11 12 13 15 17 19 | 19.4
Shields        | 2 4 5 7 9 10 11 12 13 14 15 | 15.0
Evocations     | 5 8 11 | 11.7
Dodging        | 4 6 8 10 12 | 12.1
Throwing       | 4 |  4.0
Axes           | 6 11 13 14 15 17 18 | 18.0
Staves         | 3 |  3.2
Ranged Weapons | 14 | 14.0
Long Blades    | 12 | 12.0
Stealth        | |  1.5

Action                     |  1- 3 |  4- 6 |  7- 9 | 10-12 | 13-15 | 16-18 | 19-21 | 22-24 | 25-27 || total
---------------------------+-------+-------+-------+-------+-------+-------+-------+-------+-------++-------
  Melee: Flail             |       |       |       |     4 |     9 |    13 |    14 |       |       ||    40
         Mace              |       |       |       |     2 |       |       |    10 |       |       ||    12
         Broad axe         |       |       |       |       |       |       |   659 |    24 |   401 ||  1084
         War axe           |       |       |       |       |       |       |    11 |   530 |  2353 ||  2894
         Hand axe          |       |       |       |       |       |       |       |   136 |   197 ||   333
         Staff             |       |       |       |       |       |       |       |       |    11 ||    11
         Eudemon blade     |       |       |       |       |       |       |       |       |   457 ||   457
   Fire: Sling             |       |       |       |       |       |       |       |       |   323 ||   323
  Throw: Dart              |       |       |     2 |       |       |       |     1 |       |       ||     3
         Javelin           |       |       |       |       |       |     1 |     2 |       |     2 ||     5
   Cast: Foxfire           |    33 |    67 |   127 |   211 |   349 |   296 |   185 |    25 |    18 ||  1311
         Scorch            |     7 |    16 |    80 |   163 |   155 |   214 |   129 |    49 |    22 ||   835
         Ensorcelled Hiber |       |       |     6 |     5 |     1 |       |       |       |       ||    12
         Volatile Blastmot |       |       |     7 |    53 |   190 |     4 |     8 |     2 |     3 ||   267
         Slow              |       |       |     5 |    18 |    13 |     2 |     4 |     1 |       ||    43
         Blink             |       |       |     2 |       |     1 |       |     6 |     1 |     5 ||    15
         Flame Wave        |       |       |       |    33 |     2 |    27 |     9 |       |       ||    71
         Dazzling Flash    |       |       |       |     3 |       |     4 |       |       |       ||     7
         Inner Flame       |       |       |       |     1 |       |       |       |       |       ||     1
         Passage of Golubr |       |       |       |     3 |     3 |     2 |     1 |       |    13 ||    22
         Arcjolt           |       |       |       |       |   232 |   300 |   291 |   152 |   171 ||  1146
         Death Channel     |       |       |       |       |     3 |     6 |     2 |       |       ||    11
         Eringya's Noxious |       |       |       |       |       |    57 |    42 |    55 |    91 ||   245
         Summon Hydra      |       |       |       |       |       |       |    10 |    18 |    23 ||    51
         Ignition          |       |       |       |       |       |       |       |     2 |     4 ||     6
         Disjunction       |       |       |       |       |       |       |       |       |     1 ||     1
  Evoke: Wand              |       |       |       |    16 |     4 |     1 |     7 |     7 |    28 ||    63
         Piece from Xom's  |       |       |       |     1 |       |       |       |       |       ||     1
         Phantom mirror    |       |       |       |       |       |     1 |       |     1 |     1 ||     3
         Box of beasts     |       |       |       |       |       |       |     1 |     2 |     1 ||     4
         Lightning rod     |       |       |       |       |       |       |       |       |     3 ||     3
         Phial of floods   |       |       |       |       |       |       |       |       |     1 ||     1
    Use: Scroll            |       |       |     3 |     7 |    21 |     6 |     7 |     4 |    26 ||    74
         Potion            |       |       |       |       |     3 |     4 |     5 |     9 |    32 ||    53
   Stab: Sleeping          |       |       |       |       |       |       |     5 |    14 |     2 ||    21
         Distracted        |       |       |       |       |       |       |     1 |     3 |     4 ||     8
         Invisible         |       |       |       |       |       |       |       |       |     3 ||     3
 Armour: Robe              |     4 |     1 |     3 |       |       |       |       |       |       ||     8
         Leather armour    |       |       |    14 |    99 |   106 |       |       |       |       ||   219
         Ring mail         |       |       |       |       |    38 |   117 |   333 |   179 |       ||   667
         Ice dragon scales |       |       |       |       |       |   143 |       |       |       ||   143
         Storm dragon scal |       |       |       |       |       |       |       |    73 |  1418 ||  1491
         Skin              |       |       |       |       |       |       |       |       |   116 ||   116
  Dodge: Dodged            |     6 |     4 |    30 |    97 |   106 |   159 |   289 |   281 |  1120 ||  2092
  Block: Buckler           |       |       |     2 |    47 |     9 |       |       |       |       ||    58
         Kite shield       |       |       |       |       |   143 |       |       |       |       ||   143
         Tower shield      |       |       |       |       |    46 |   567 |  1161 |   928 |  3990 ||  6692
